 Dungeon Crawl Stone Soup version 0.25-a0-189-gf71692caf1 (webtiles) character file.

Game seed: 9790490161722731220, levelgen mode: deterministic

10139 Nierin the Fighter (level 11, -5/153 HPs)
             Began as a Minotaur Berserker on Nov 29, 2019.
             Was a High Priest of Trog.
             Slain by an ice devil (25 damage)
             ... summoned by Frances
             ... on level 12 of the Dungeon.
             The game lasted 01:31:14 (12848 turns).

Nierin the Fighter (Minotaur Berserker)            Turns: 12848, Time: 01:31:14

Health: -5/153     AC: 21    Str: 28    XL:     11   Next: 32%
Magic:  10/10      EV: 14    Int:  4    God:    Trog [*****.]
Gold:   612        SH:  0    Dex: 12    Spells: 10/10 levels left

rFire    + . .     SeeInvis .   i - +0 halberd
rCold    x . .     Gourm    .   (shield currently unavailable)
rNeg     . . .     Faith    .   o - +0 plate armour
rPois    .         Spirit   .   (helmet restricted)
rElec    .         Reflect  .   u - +0 cloak
rCorr    .         Harm     .   t - +2 pair of gloves
MR       .....                  R - +0 pair of boots
Stlth    ..........             (no amulet)
HPRegen  0.35/turn              f - +2 ring of evasion
MPRegen  0.12/turn              r - ring of fire

@: berserking (expiring), starving, very quick
A: retaliatory headbutt, horns 2
a: Berserk, Trog's Hand, Brothers in Arms, Renounce Religion


You were on level 12 of the Dungeon.
You worshipped Trog.
Trog was extremely pleased with you.
You were starving.

You visited 2 branches of the dungeon, and saw 14 of its levels.
You also visited: Ossuary.

You collected 612 gold pieces.

Inventory:

Hand Weapons
 a - a +0 hand axe
 i - a +0 halberd (weapon)
 w - a +0 war axe
Missiles
 j - 10 javelins (quivered)
Armour
 o - a +0 plate armour (worn)
 t - a +2 pair of gloves (worn)
 u - a +0 cloak (worn)
 R - a +0 pair of boots (worn)
Jewellery
 f - a +2 ring of evasion (left hand)
 r - a ring of fire (right hand)
 y - an uncursed ring of resist corrosion
 K - an uncursed ring of ice
 M - an uncursed amulet of regeneration {unknown}
 P - an uncursed ring of poison resistance {unknown}
 Q - an uncursed ring of protection from magic {unknown}
 S - a cursed -4 ring of evasion
Wands
 d - a wand of paralysis (15)
 z - a wand of flame (33)
 A - a wand of iceblast (7)
 D - a wand of random effects (26)
 L - a wand of enslavement (10)
Scrolls
 e - 11 scrolls of identify
 g - 4 scrolls of immolation
 h - 4 scrolls of fear
 l - 5 scrolls of remove curse
 n - 7 scrolls of blinking
 p - 4 scrolls of teleportation
 s - 2 scrolls of amnesia {unknown}
 B - 4 scrolls of fog
 C - 2 scrolls of enchant weapon {unknown}
 G - 2 scrolls of random uselessness {unknown}
 H - a scroll of magic mapping {unknown}
 O - a scroll of summoning {unknown}
Potions
 b - 5 potions of degeneration {unknown}
 k - a potion of heal wounds {unknown}
 m - 3 potions of curing {unknown}
 q - 2 potions of mutation {unknown}
 v - 3 potions of haste {unknown}
 x - a potion of flight {unknown}
 E - 3 potions of ambrosia {unknown}
 F - 2 potions of lignification
 I - 3 potions of might {unknown}
 J - a potion of invisibility {unknown}
 N - a potion of agility {unknown}
Comestibles
 c - 19 rations


   Skills:
 + Level 11.3 Fighting
 - Level 5.8(8.7) Axes
 + Level 10.1(10.7) Polearms
 + Level 10.6 Armour
 + Level 9.8 Dodging


You had 10 spell levels left.
You didn't know any spells.
Your spell library contained the following spells:

 Spells                   Type           Power        Failure   Level  Hunger
 Animate Skeleton         Necr           N/A          99%         1    ##.....
 Apportation              Tloc           #.....       99%         1    ##.....
 Confusing Touch          Hex            #.....       99%         1    ##.....
 Summon Small Mammal      Summ           #...         99%         1    ##.....


Dungeon Overview and Level Annotations

Branches:
Dungeon (13/15)            Temple (1/1) D:5             Orc (0/2) D:10
Ossuary (visited)
   Lair: D:8-11      Vaults: D:13-14

Altars:
Ashenzari
Cheibriados
Dithmenos
Elyvilon
Fedhas
Gozag
Hepliaklqana
Kikubaaqudgha
Makhleb
Nemelex Xobeh
Okawaru
Qazlal
Ru
Sif Muna
Trog
Uskayaw
Vehumet
Wu Jian
Xom
Yredelemnul
Zin
The Shining One

Shops:
D:4 }   D:9 }

Annotations:
D:11 Sonja
D:12 Frances


Innate Abilities, Weirdness & Mutations

You reflexively headbutt those who attack you in melee.
You have a pair of horns on your head.


Message History

The red devil hits you but does no damage.
Frances hits you with a +1 flail of holy wrath!
* * * LOW HITPOINT WARNING * * *
You closely miss Frances. Your headbutt misses Frances.
Frances is severely wounded.
The ynoxinul hits you but does no damage.
The ice devil misses you. The red devil misses you.
You are too berserk!
You puncture Frances! Your headbutt misses Frances.
Frances is severely wounded.
Frances barely misses you. You furiously retaliate!
You headbutt Frances! The ynoxinul misses you.
You barely miss Frances.
Frances is almost dead.
Frances hits you with a +1 flail of holy wrath!!
* * * LOW HITPOINT WARNING * * *
The ice devil hits you.
* * * LOW HITPOINT WARNING * * *
The ice devil freezes you!!
You feel a terrible chill!
You die...

#..##...............##...##..÷..
#<@.#..#...........####..##.....
##.#...............##.#((.##....
##................)÷(.)..###..#
##.............(.)((##.#.#####
##.#............)###.....#
##.##.....4.......#......#
#...........3...........##
##.........@@....^...#.##
#...........4...#.#...##
##.#............##.#.## ###
#####.................#
#.###.#.#.................##
...........................#
#.......................#>##
###.##........^..........##
##.##.#..................##


You could see Frances, an ice devil, a ynoxinul and a red devil.

Vanquished Creatures
  A hydra (D:12)
  Harold (D:7)
  A two-headed ogre (D:9)
  An unseen horror (D:10)
  2 trolls
  3 hippogriffs
  9 yaks
  A hungry ghost (D:7)
  Edmund (D:6)
  Menkaure (D:6)
  A water moccasin (D:8)
  2 sky beasts
  2 black bears
  2 orc warriors
  3 ice beasts
  5 ogres
  3 phantoms
  3 centaurs
  2 big kobolds
  7 bullfrogs
  2 water moccasin zombies (Ossuary)
  A wyvern zombie (D:8)
  5 scorpions
  9 killer bees
  2 electric eels (D:8)
  2 howler monkeys (D:8)
  6 crimson imps
  A centaur zombie (D:8)
  Crazy Yiuf (D:2)
  3 hounds
  A quasit (D:12)
  3 orc priests
  2 jellies
  5 orc wizards
  5 bullfrog skeletons
  Terence (D:2)
  5 worker ants
  2 iguanas
  7 big kobold zombies (Ossuary)
  A hound zombie (D:6)
  2 worker ant zombies
  2 mummies (Ossuary)
  5 gnolls
  13 adders
  6 shadow imps
  2 oozes
  A worm zombie (D:6)
  9 adder zombies (Ossuary)
  2 adder skeletons (D:4)
  3 worms
  4 leopard geckos
  26 orcs
  6 giant cockroaches
  9 goblins
  8 hobgoblins
  9 jackals
  14 kobolds
  5 quokkas
  4 ball pythons
  9 bats
  5 frilled lizards
  2 hobgoblin zombies (Ossuary)
  4 kobold zombies (Ossuary)
  A leopard gecko skeleton (D:4)
  A leopard gecko zombie (D:6)
  3 orc zombies (Ossuary)
  A quokka skeleton (D:9)
  A quokka zombie (D:8)
  8 rats
  A rat zombie (D:6)
  A plant (D:2)
282 creatures vanquished.

Notes
Turn   | Place    | Note
-------+----------+-------------------------------------------
     0 | D:1      | Nierin the Minotaur Berserker began the quest for the Orb.
     0 | D:1      | Reached XP level 1. HP: 19/19 MP: 0/0
    96 | D:1      | Reached XP level 2. HP: 27/27 MP: 1/1
   505 | D:1      | Reached skill level 4 in Fighting
   505 | D:1      | Reached XP level 3. HP: 25/33 MP: 2/2
   684 | D:1      | Reached ** piety under Trog
  1508 | D:2      | Found a sparkling altar of Nemelex Xobeh.
  1672 | D:2      | Noticed Terence
  1702 | D:2      | Killed Terence
  1702 | D:2      | Reached XP level 4. HP: 31/41 MP: 3/3
  1787 | D:2      | Found a white marble altar of Elyvilon.
  1939 | D:2      | Reached skill level 1 in Polearms
  2243 | D:2      | Found a runed translucent door.
  2244 | D:2      | Noticed Crazy Yiuf
  2267 | D:2      | Paralysed by Crazy Yiuf for 5 turns
  2272 | D:2      | Killed Crazy Yiuf
  2272 | D:2      | Reached XP level 5. HP: 47/47 MP: 4/4
  3051 | D:3      | Found a blossoming altar of Fedhas.
  3092 | D:3      | Reached skill level 5 in Fighting
  4002 | D:4      | Reached XP level 6. HP: 56/56 MP: 5/5
  4005 | D:4      | Reached skill level 5 in Axes
  4133 | D:4      | Found Byjer's Gadget Shop.
  4521 | D:5      | Entered Level 5 of the Dungeon
  4615 | D:5      | Reached *** piety under Trog
  4765 | D:5      | Reached skill level 6 in Fighting
  4889 | D:5      | Found an iron altar of Okawaru.
  5113 | D:5      | Found a staircase to the Ecumenical Temple.
  5258 | Temple   | Entered the Ecumenical Temple
  5541 | D:6      | Reached XP level 7. HP: 63/63 MP: 6/6
  5542 | D:6      | Noticed Menkaure
  5550 | D:6      | Killed Menkaure
  5895 | D:6      | Reached skill level 5 in Armour
  6000 | D:6      | Reached XP level 8. HP: 65/71 MP: 7/7
  6010 | D:6      | Reached skill level 7 in Fighting
  6010 | D:6      | Reached skill level 5 in Dodging
  6169 | D:6      | Found a sand-covered staircase.
  6170 | D:6      | Reached **** piety under Trog
  6186 | Ossuary  | Entered an ossuary
  6209 | Ossuary  | Reached skill level 5 in Polearms
  6675 | D:6      | Noticed Edmund
  6681 | D:6      | Killed Edmund
  6681 | D:6      | Reached skill level 8 in Fighting
  6694 | D:6      | Reached XP level 9. HP: 76/81 MP: 8/8
  6963 | D:6      | Lost intelligence.
  7359 | D:6      | Reached skill level 9 in Fighting
  7398 | D:7      | Found a shadowy altar of Dithmenos.
  7879 | D:7      | Found a burning altar of Makhleb.
  7943 | D:7      | Noticed Harold
  7959 | D:7      | Killed Harold
  7959 | D:7      | Reached XP level 10. HP: 92/92 MP: 9/9
  8840 | D:8      | Reached ***** piety under Trog
  8851 | D:8      | Reached skill level 10 in Fighting
  9994 | D:8      | Found a basalt altar of Yredelemnul.
 10287 | D:9      | Found a snail-covered altar of Cheibriados.
 10475 | D:9      | Found Fawashr Nesum's Gadget Boutique.
 10681 | D:9      | Noticed a two-headed ogre
 10704 | D:9      | Killed a two-headed ogre
 10968 | D:9      | Found a sacrificial altar of Ru.
 11118 | D:10     | Entered Level 10 of the Dungeon
 11148 | D:10     | Reached skill level 10 in Armour
 11212 | D:10     | Reached XP level 11. HP: 94/101 MP: 10/10
 11314 | D:10     | Found a staircase to the Orcish Mines.
 11579 | D:11     | Noticed Sonja
 12011 | D:10     | Killed an unseen horror
 12011 | D:10     | Reached skill level 11 in Fighting
 12174 | D:10     | You fall into a shaft and drop 3 floors!
 12174 | D:13     | Noticed a red ugly thing
 12178 | D:13     | Noticed a red ugly thing
 12293 | D:12     | Noticed an eight-headed hydra
 12305 | D:12     | Killed a 13-headed hydra
 12305 | D:12     | Reached skill level 10 in Polearms
 12820 | D:12     | Noticed Frances
 12848 | D:12     | Slain by an ice devil

Levels and vault maps discovered:
D:1:      dpeg_arrival_rooms_with_view, layout_rooms, minmay_cupped
D:2:      lemuel_upstairs_altar, layout_basic, lemuel_doored_altar,
          lemuel_coloured_pillars_altar, serial_bayou_pond_c, uniq_terence,
          uniq_crazy_yiuf_cottage
D:3:      layout_basic, fedhas_altar_4
D:4:      layout_loops_ring, serial_shops, nicolae_shop_stone, first_ration
D:5:      layout_rooms, minmay_temple_entry_mini_moons, okawaru_gym_becter
D:6:      minmay_bubble_buster, layout_basic, serial_curves, eino_curves_01,
          eino_curves_02, eino_curves_02, enter_ossuary_3, uniq_menkaure,
          uniq_edmund
D:7:      layout_basic, nicolae_overflow_crystal_walls,
          nicolae_dithmenos_the_darkroom, uniq_harold
D:8:      layout_loops_ring, kennysheep_mini_moat, blue_anna_alchemist
          [blue_anna_fruit_fields, blue_anna_fruit_fields], nrook_mini_vaults,
          kennysheep_opposing_triangles
D:9:      layout_gridville, minitemple, serial_shops, shop
D:10:     layout_stronghold, orc_0_dummy
D:11:     layout_loops_ring, dpeg_lair_monsters, special_room
          [special_room_orc], pond, uniq_gastronok, uniq_erolcha, uniq_sonja
D:12:     layout_cross, serial_shops, kennysheep_mini, uniq_frances, uniq_nessos
D:13:     layout_irregular_city, gauntlet_entry_generic, nicolae_benzene_ring
Temple:   dpeg_chambers_temple

Skill      XL: |  1  2  3  4  5  6  7  8  9 10 11 |
---------------+----------------------------------+-----
Axes           | 4 5 |  5.8
Fighting       | 4 5 6 8 9 10 11 | 11.3
Armour         | 3 4 5 7 8 10 | 10.6
Dodging        | 3 4 6 8 9 |  9.8
Polearms       | 1 2 4 6 8 9 10 | 10.1

Action                   |  1- 3 |  4- 6 |  7- 9 | 10-12 || total
-------------------------+-------+-------+-------+-------++-------
Melee: Hand axe          |    57 |       |       |       ||    57
       Headbutt          |    18 |    23 |    60 |    60 ||   161
       Halberd           |    48 |   152 |   292 |   324 ||   816
Invok: Berserk           |     1 |     5 |     4 |     5 ||    15
       Trog's Hand       |       |       |     1 |       ||     1
Evoke: Wand              |       |       |       |     4 ||     4
  Use: Scroll            |       |     6 |     3 |     3 ||    12
       Potion            |       |       |     1 |       ||     1
 Stab: Sleeping          |       |     1 |       |       ||     1
  Eat: Chunk             |     3 |    12 |    10 |     8 ||    33
       Ration            |       |     2 |       |     5 ||     7
Armor: Animal skin       |     8 |       |       |       ||     8
       Plate armour      |    38 |    83 |   171 |   198 ||   490
       Leather armour    |     4 |       |       |       ||     4
       Robe              |       |     4 |       |       ||     4
Dodge: Dodged            |    58 |    94 |   185 |   224 ||   561

Table legend:
 A = Non-vault XP
 B = Vault XP
 C = Vault XP percentage of total XP
 D = Non-vault monster count
 E = Vault monster count
 F = Vault count percentage of total count
                 A         B        C        D         E       F
            +---------+---------+-------+---------+---------+-------
      Total |   11880 |    2605 |  18.0 |     224 |      57 |  20.3
            +---------+---------+-------+---------+---------+-------
        D:1 |      49 |       8 |  14.0 |      19 |       5 |  20.8
        D:2 |      74 |      78 |  51.3 |      29 |       2 |   6.5
        D:3 |      44 |       0 |   0.0 |      14 |       0 |   0.0
        D:4 |     213 |       0 |   0.0 |      16 |       0 |   0.0
        D:5 |     253 |       0 |   0.0 |      15 |       0 |   0.0
        D:6 |    2068 |     904 |  30.4 |      31 |      16 |  34.0
        D:7 |    1354 |     970 |  41.7 |      19 |       1 |   5.0
        D:8 |    1648 |     221 |  11.8 |      30 |       4 |  11.8
        D:9 |    1633 |       0 |   0.0 |      13 |       0 |   0.0
       D:10 |    2343 |       0 |   0.0 |      21 |       0 |   0.0
       D:12 |    2201 |       0 |   0.0 |      17 |       0 |   0.0
    Ossuary |       0 |     424 | 100.0 |       0 |      29 | 100.0
            +---------+---------+-------+---------+---------+-------
